Map: Altitude LE

Players

ИИ 1 (новичок)

  • Race: Zerg Zerg
  • Spawn Location: 1:00

ЛУКРЕПЧАТЫЙ - Winner!

  • Race: Terran Terran
  • Spawn Location: 7:00

VOD

https://www.youtube.com/watch?v=10_LznoLvIM&list=LL&index=3&t=3335s

Description

ТвЗ Мех 2х базовый подпушь Батл + Хэлббаты с поздней 3й (С 0 до ГМЛ)
14 - 16 - 16 (Саплай Барак Газ) Рипер -- > Марик --> Реактор на бараке
20 ЦЦ
23 Факта (2:12) -> 2й Газ почти сразу
3:00 Факта перелетает на реактор -> Старпорт -> Факта делает геликов нон стоп
3:38 саплай -> Викинг(если сразу после викинга заказать т.лаб он успевает к заказу Батла, или заказть т.лаб на бараке) -> Центр Синтеза
4:35 Батл Крузер -> +2 Газа (3й, 4й)
4:45 Армари(если играем активный мех будем делать армор, при пасивном атаку, в пасивном приоритет +2 с +1 роуч умирает с 2х залпов с.танка)
5:18 +2 факты (2я;3я)
5:35 Первый батл вылетает делает т.п. Гелика под базой раскладываются в Хэлбатов(10шт)
~ 6 минута 3я ЦЦ.
старпорт делает реактор для фактори будущей
барак делает лабу для фаткори будущей

Time

  • Played on: Feb. 19, 2023, 4:38 a.m.
  • Length: 6:24
Show
View Real Time Build Order
Export as new Build Order

ИИ 1 (новичок) Zerg 

Build Orders: Pool Only 

Get SALT Encoding   

  12  0:01  Drone  
  13  0:12  Overlord  
  13  0:17  Drone  
  14  0:35  Spawning Pool  
  14  0:37  Extractor  
  14  0:39  Drone  
  13  0:46  Drone  
  14  0:52  Overlord  
  14  1:23  Queen, Zergling x2  
  17  1:31  Roach Warren  
  17  1:32  Extractor  
  15  1:37  Drone  
  16  1:41  Zergling x2  
  16  1:44  Drone  
  18  1:59  Drone  
  18  2:00  Zergling x2  
  20  2:09  Drone  
  21  2:20  Drone  
  22  2:30  Overlord, Drone  
  23  2:37  Drone  
  24  2:44  Drone  
  25  5:18  Zergling x2  
  25  5:48  Zergling x2  
  25  5:49  Drone  
  26  5:50  Overlord  
  26  5:56  Drone  
  21  6:04  Drone  
  13  6:11  Drone  
Show
View Real Time Build Order
Export as new Build Order

ЛУКРЕПЧАТЫЙ Terran - Winner!

Build Orders: Hellion Opening, Reaper Expand 

Get SALT Encoding   

  12  0:00  SCV  
  13  0:12  SCV  
  14  0:17  Supply Depot  
  14  0:24  SCV  
  15  0:38  SCV  
  15  0:40  Barracks  
  16  0:45  Refinery  
  16  0:51  SCV  
  17  1:03  SCV  
  18  1:15  SCV  
  19  1:28  Orbital Command, Reaper  
  20  1:42  Command Center  
  20  1:51  Supply Depot  
  20  1:54  SCV  
  21  1:59  Marine  
  22  2:07  SCV  
  22  2:10  Factory  
  22  2:18  Refinery  
  22  2:20  SCV  
  23  2:23  Barracks Reactor  
  23  2:32  SCV  
  25  2:44  SCV  
  25  2:53  Orbital Command  
  25  2:56  SCV  
  25  2:57  Starport  
  26  3:03  Hellion x2  
  30  3:08  SCV  
  31  3:20  SCV x2  
  31  3:24  Hellion  
  31  3:26  Supply Depot, Hellion  
  37  3:34  SCV x2  
  39  3:35  Viking  
  41  3:42  Fusion Core  
  41  3:46  SCV  
  41  3:47  Hellion  
  44  3:51  Hellion  
  44  3:53  SCV  
  47  3:58  Supply Depot  
  47  3:59  SCV  
  48  4:05  SCV  
  48  4:07  Starport Tech Lab  
  48  4:09  Hellion  
  51  4:11  SCV  
  51  4:12  Hellion  
  54  4:19  Supply Depot, SCV  
  56  4:24  SCV  
  56  4:31  SCV  
  56  4:37  SCV  
  58  4:40  Refinery  
  58  4:41  Battlecruiser  
  58  4:43  Refinery  
  64  4:46  SCV  
  64  4:48  Supply Depot  
  64  4:49  Hellion  
  64  4:51  Hellion  
  70  4:52  SCV  
  70  4:59  Armory  
  70  5:10  Supply Depot, Hellion, SCV x2  
  70  5:11  Supply Depot  
  70  5:13  Hellion  
  76  5:22  SCV, Factory  
  76  5:25  Factory  
  76  5:28  SCV  
  78  5:33  Hellion  
  78  5:35  Barracks Tech Lab, Hellion  
  82  5:37  SCV  
  83  5:43  SCV  
  84  5:50  SCV  
  84  5:53  Command Center  
  84  5:55  SCV  
  84  5:59  Hellion x2  
  84  6:02  SCV  
  89  6:07  SCV  
  89  6:08  Supply Depot  
  90  6:14  Engineering Bay  
  90  6:17  Barracks Tech Lab, Starport Reactor  
Tags
 
Add a new tag
Caveats
  • Supply blocks, unpowered buildings, or Contaminate may cause inaccurate times.
  • Supply counts are checked every 10 seconds.